 Dungeon Crawl Stone Soup version 0.24.1-14-gf8d2b509d9 (webtiles) character file.

Game seed: 16003934595774492202, levelgen mode: deterministic

17 NinjaNoafa the Charmwright (level 2, -9/19 HPs)
             Began as a Halfling Skald on Apr 17, 2022.
             Mangled by a kobold
             ... wielding a +1 whip of electrocution
              (20 damage)
             ... on level 1 of the Dungeon.
             The game lasted 00:02:36 (639 turns).

NinjaNoafa the Charmwright (Halfling Skald)          Turns: 639, Time: 00:02:36

Health: -9/19      AC:  3    Str: 12    XL:     2   Next: 80%
Magic:  4/4        EV: 14    Int: 11    God:
Gold:   59         SH:  0    Dex: 13    Spells: 3/4 levels left

rFire    . . .     SeeInvis .   a - +0 short sword
rCold    . . .     Gourm    .   (shield restricted)
rNeg     . . .     Faith    .   b - +0 leather armour
rPois    .         Spirit   .   (no helmet)
rElec    .         Reflect  .   (no cloak)
rCorr    .         Harm     .   (no gloves)
MR       .....                  (no boots)
Stlth    +.........             (no amulet)
HPRegen  0.06/turn              e - ring of flight
MPRegen  0.09/turn              (no ring)

@: no status effects
A: small, mutation resistance 1
a: Evoke Flight


You were on level 1 of the Dungeon.
You were full.

You visited 1 branch of the dungeon, and saw 1 of its levels.

You collected 59 gold pieces.

Inventory:

Hand Weapons
 a - a +0 short sword (weapon)
Missiles
 c - 31 stones (quivered)
Armour
 b - a +0 leather armour (worn)
Jewellery
 e - a ring of flight (left hand)
Scrolls
 h - 3 scrolls of teleportation {unknown}
Potions
 f - a potion of berserk rage {unknown}
 g - a potion of degeneration {unknown}


   Skills:
 + Level 2.0 Fighting
 + Level 2.6 Short Blades
 + Level 1.1 Armour
 + Level 2.3 Dodging
 + Level 1.7 Spellcasting
 + Level 3.6 Charms


You had 3 spell levels left.
You knew the following spells:

 Your Spells              Type           Power        Failure   Level  Hunger
a - Infusion              Chrm           #...         9%          1    ##.....

Your spell library contained the following spells:

 Spells                   Type           Power        Failure   Level  Hunger
 Song of Slaying          Chrm           #.......     13%         2    ###....
 Shroud of Golubria       Chrm/Tloc      #.....       26%         2    ###....
 Regeneration             Chrm/Necr      #.........   47%         3    ####...
 Spectral Weapon          Hex/Chrm       #.......     47%         3    ####...


Dungeon Overview and Level Annotations

Branches:
Dungeon (1/15)

Altars:


Innate Abilities, Weirdness & Mutations

You are small and have problems with some larger weapons.
You are somewhat resistant to further mutation.


Message History

Unknown command.
Unknown command.
Quiver which item? (- for none, * to show all) (? for menu, Esc to quit)
Okay, then.
Welcome back, NinjaNoafa the Halfling Skald.
Press ? for a list of commands and other information.
A kobold is nearby!
The kobold shouts!
An ooze comes into view.
The kobold throws a stone.
The stone closely misses you. The kobold hits you but does no damage.
The kobold hits you with a +1 whip of electrocution.
The ooze closely misses you. The kobold closely misses you. The ooze hits you.
The kobold barely misses you. The ooze barely misses you.
The kobold completely misses you. The ooze completely misses you.
The kobold hits you with a +1 whip of electrocution.
You are electrocuted!!
Ouch! That really hurt!
You die...

...... .......
###.. #........#
......
##.........
.#####
#.......... #
#.......... #
#..........
#KJ........
#@.........#
##........##.
####
##.(....###.##...
#.###....#..#...
#.# ##..#.....
#.# #....... #.#
#....... #####.#
##>... #..##.#
#.###...


You could see an ooze and a kobold.

Vanquished Creatures
  An ooze (D:1)
  2 bats (D:1)
  A goblin (D:1)
  A hobgoblin (D:1)
  5 kobolds (D:1)
  3 rats (D:1)
13 creatures vanquished.

Notes
Turn   | Place    | Note
-------+----------+-------------------------------------------
     0 | D:1      | NinjaNoafa the Halfling Skald began the quest for the Orb.
     0 | D:1      | Reached XP level 1. HP: 14/14 MP: 3/3
    70 | D:1      | Reached XP level 2. HP: 13/19 MP: 2/4
   639 | D:1      | Mangled by a kobold

Levels and vault maps discovered:
D:1:      dpeg_arrival_tiny_a, layout_rooms, minivault_26, grunt_decor_clamped

Skill      XL: |  1 |
---------------+----+-----
Fighting       | 2 |  2.0
Short Blades   | |  2.6
Armour         | |  1.1
Dodging        | |  2.3
Spellcasting   | |  1.7
Charms         | |  3.6

Action                   || total
-------------------------++-------
Melee: Short sword       ||    40
 Cast: Infusion          ||     5
  Eat: Ration            ||     1
Armor: Leather armour    ||    10
Dodge: Dodged            ||    35
